 Dungeon Crawl Stone Soup version 0.27-a0-1026-gbab068f60c (webtiles) character file.

Game seed: 12767758871326025101

113 Morbidden the Grave Robber (level 4, -6/51 HPs)
             Began as a Demigod Necromancer on Apr 18, 2021.
             Splashed by Ijyb's acid (11 damage)
             ... on level 3 of the Dungeon.
             The game lasted 00:04:03 (2836 turns).

Morbidden the Grave Robber (Demigod Necromancer)    Turns: 2836, Time: 00:04:03

Health: -6/51      AC: 18    Str: 13    XL:     4   Next: 39%
Magic:  1/11       EV:  2    Int: 17    God:
Gold:   112        SH:  0    Dex: 14    Spells: 4/8 levels left

rFire    + . .     SeeInvis .   (no weapon)
rCold    . . .     Faith    .   (no shield)
rNeg     + + +     Spirit   .   (armour currently unavailable)
rPois    +         Reflect  .   (helmet currently unavailable)
rElec    .         Harm     .   (cloak currently unavailable)
rCorr    .         Rampage  .   (gloves currently unavailable)
Will     .....     NoTele   +   (boots currently unavailable)
Stlth    ++........             (no amulet)
HPRegen  0.17/turn              m - ring of protection from fire
MPRegen  0.12/turn              f - +4 ring of evasion

@: tree-form, corroded, hasted, very quick
A: stationary, stasis, torment immunity, boosted hp, high mp 1, forlorn
a: no special abilities


You were on level 3 of the Dungeon.
You were a tree.
You visited 1 branch of the dungeon, and saw 3 of its levels.

You collected 112 gold pieces.

Inventory:

Armour
 a - a +0 robe (melded)
 g - a +0 cloak (melded)
 k - a +1 helmet (melded)
Jewellery
 c - a ring of positive energy
 f - a +4 ring of evasion (right branch)
 m - a ring of protection from fire (left branch)
Scrolls
 b - a scroll of amnesia {unknown}
 e - a scroll of identify {unknown}
 i - a scroll of enchant armour {unknown}
 j - a scroll of vulnerability {unknown}
 n - a scroll of fear {unknown}
Potions
 d - a potion of curing


   Skills:
 * Level 0.5 Fighting
 * Level 2.0 Dodging
 + Level 1.9 Stealth
 * Level 2.9 Spellcasting
 * Level 4.6 Necromancy


You had 4 spell levels left.
You knew the following spells:

 Your Spells              Type           Power      Damage    Failure   Level
a - Pain                  Necr           72%        1d7       2%          1
b - Vampiric Draining     Necr           9%         2d7       8%          3

Your spell library contained the following spells:

 Spells                   Type           Power      Damage    Failure   Level
 Animate Skeleton         Necr           36%        N/A       2%          1
 Summon Small Mammal      Summ           8%         N/A       19%         1
 Call Imp                 Summ           2%         N/A       26%         2
 Animate Dead             Necr           9%         N/A       26%         4
 Call Canine Familiar     Summ           2%         N/A       47%         3
 Summon Guardian Golem    Hex/Summ       2%         N/A       47%         3
 Summon Ice Beast         Ice/Summ       2%         N/A       87%         4
 Summon Lightning Spire   Summ/Air       2%         N/A       87%         4
 Agony                    Necr           18%        N/A       58%         5


Dungeon Overview and Level Annotations

Branches:
Dungeon (3/15)

Shops:
D:3 *

Annotations:
D:3 Ijyb


Innate Abilities, Weirdness & Mutations

You are a tree.
Your roots penetrate the ground, keeping you stationary.
You cannot be teleported.
You are immune to unholy pain and torment.
Your maximum health is greatly increased.
Your equipment is partially melded.
Your attributes grow dramatically as you level up.
You have an increased reservoir of magic. (+10% MP)
You shall have no god before yourself.


Message History

Press: ? - help, Shift-Dir - straight line, f/p - Ijyb
Aim: Ijyb, wielding a +0 club, wearing a +0 scale mail and carrying a wand of acid (8) (heavily wounded, chance to affect: 84%) Ijyb writhes in agony.
Ijyb closely misses you.
Unknown command.
Casting: Pain (safe; 2% risk of failure)
Confirm with . or Enter, or press ? or * to list all spells.
Aiming: Pain (safe; 2% risk of failure)
Press: ? - help, Shift-Dir - straight line, f/p - Ijyb
Aim: Ijyb, wielding a +0 club, wearing a +0 scale mail and carrying a wand of acid (8) (heavily wounded, chance to affect: 84%) Ijyb writhes in agony.
Ijyb closely misses you.
Unknown command.
It was a potion of haste.
You feel yourself speed up. Ijyb closely misses you.
Unknown command.
Unknown command.
You closely miss Ijyb.
Ijyb is heavily wounded.
Ijyb zaps a wand.
The bolt of acid misses you.
You barely miss Ijyb.
Ijyb is heavily wounded.
You closely miss Ijyb.
Ijyb is heavily wounded.
Ijyb zaps a wand.
The bolt of acid hits you! The acid corrodes you!
You are splashed with acid!
* * * LOW HITPOINT WARNING * * *
You are too injured to fight recklessly!
Unknown command.
It was a potion of lignification.
You turn into a tree.
Your +0 cloak melds into your body.
Your +1 helmet melds into your body.
Your +0 robe melds into your body.
Your roots penetrate the ground.
Ijyb barely misses you.
Unknown command.
You hit Ijyb.
Ijyb is severely wounded.
Your magical contamination has completely faded away.
You closely miss Ijyb.
Ijyb is severely wounded.
Ijyb zaps a wand.
The bolt of acid hits you!
* * * LOW HITPOINT WARNING * * *
The acid corrodes you!
You are splashed with acid!
You die...

.## +#)....#.## .#
.#
##....#..########..#
.#
##..##.....(......#
.#
####.............#
.#
.....#...........>
#.
.....#..........##
#. ######....?....)#
# #..........#
#.♣........#
#.g........#
#..........#
............
.............
.............
......######.
.......#


You could see Ijyb.

Vanquished Creatures
  Jessica (D:3)
  Robin (D:3)
  2 adders
  4 endoplasms
  2 giant cockroaches
  13 goblins
  7 hobgoblins
  A jackal (D:3)
  2 quokkas
  5 ball pythons
  4 bats
  A frilled lizard (D:2)
  9 kobolds
  3 rats
55 creatures vanquished.

Notes
Turn   | Place    | Note
-------+----------+-------------------------------------------
     0 | D:1      | Morbidden the Demigod Necromancer began the quest for the
                  | Orb.
     0 | D:1      | Reached XP level 1. HP: 14/14 MP: 5/5
   833 | D:1      | Reached XP level 2. HP: 18/20 MP: 5/7
  1238 | D:2      | Reached skill level 4 in Necromancy
  1684 | D:2      | Reached XP level 3. HP: 24/26 MP: 6/9
  1928 | D:3      | Found Lyperus's General Store.
  1963 | D:3      | Noticed Jessica
  1970 | D:3      | Killed Jessica
  2008 | D:3      | Learned a level 3 spell: Vampiric Draining
  2187 | D:3      | Noticed Robin
  2218 | D:3      | Killed Robin
  2219 | D:3      | Reached XP level 4. HP: 9/34 MP: 2/10
  2790 | D:3      | Noticed Ijyb
  2836 | D:3      | Splashed by Ijyb's acid

Illustrated notes

Levels and vault maps discovered:
D:1:      lightli_arrival_noodles, layout_rooms,
          shapermc_ecumenical_altar_mp_urbaneastern, st_stairs_4
D:2:      layout_rooms
D:3:      layout_basic, cheibriados_altar_1, gammafunk_temple_overflow_statue,
          serial_shops, shop, minmay_joined_circles, uniq_crazy_yiuf_cottage,
          uniq_jessica, uniq_robin, uniq_ijyb, uniq_sigmund

Skill      XL: |  1  2  3 |
---------------+----------+-----
Spellcasting   | 2 |  2.9
Necromancy     | 4 |  4.6
Dodging        | 2 |  2.0
Fighting       | |  0.5
Stealth        | |  1.9

Action                   |  1- 3 |  4- 6 || total
-------------------------+-------+-------++-------
Melee: Unarmed           |     4 |    10 ||    14
 Cast: Pain              |    76 |    25 ||   101
       Vampiric Draining |       |     5 ||     5
  Use: Potion            |       |     3 ||     3
Armor: Robe              |     3 |     8 ||    11
Dodge: Dodged            |    16 |    21 ||    37

Table legend: (Time is in decaauts)
 A = Elapsed time spent in this place.
 B = Non-inter-level travel time spent in this place.
 C = Inter-level travel time spent in this place.
 D = Time resting spent in this place.
 E = Time spent auto-exploring this place.
 F = Levels seen in this place.
 G = Mean time per level.
                   A        B        C        D        E       F      G
               +--------+--------+--------+--------+--------+-----+--------+
         Total |   2832 |   2810 |     22 |    309 |   2054 |   3 |  944.0 |
       Dungeon |   2832 |   2810 |     22 |    309 |   2054 |   3 |  944.0 |
               +--------+--------+--------+--------+--------+-----+--------+

Top non-repeatable levels by time:
     D:2: 1233 daAuts
     D:1: 872 daAuts
     D:3: 727 daAuts
